ORI
UNIVERSITY OF OKLAHOMA SOONERS @ FLORIDA STATE UNIVERSITY SEMINOLES
09/28/2048
 
TOP OF THE 1ST
University of Oklahoma Sooners batting - Pitching for Florida State University Seminoles : LHP Lauro Calabresi
Pitching: LHP Lauro Calabresi
Batting: RHB Jesus Montoya 0-0: Foul Ball, location: 2F
0-1: Ball
1-1: Foul Ball, location: 2F
1-2: Ball
2-2: Ground out 6-3 (Groundball, 6, EV 87.5 MPH)
Batting: LHB Paul Mooris 0-0: Fly out, F5 (Popup, 5SF, EV 83.8 MPH)
Batting: RHB Jon Chatman 0-0: Foul Ball, location: 2F
0-1: Ball
1-1: Fly out, F9 (Flyball, 9D, EV 95.0 MPH)
Top of the 1st over - 0 runs, 0 hits, 0 errors, 0 left on base; University of Oklahoma 0 - Florida State University 0
BOTTOM OF THE 1ST
Florida State University Seminoles batting - Pitching for University of Oklahoma Sooners : RHP Chad Falgout
Pitching: RHP Chad Falgout
Batting: RHB Larry Berge 0-0: Ball
1-0: Ball
2-0: Ball
3-0: Base on Balls
Batting: RHB Ray Johnson 0-0: Called Strike
0-1: Ball
Larry Berge is caught stealing 2nd base 2-4
1-1: Swinging Strike
1-2: Foul Ball, location: 2F
1-2: Foul Ball, location: 2F
1-2: Ground out 5-3 (Groundball, 56, EV 96.9 MPH)
Batting: LHB Ethan Ware 0-0: Ground out 1-3 (Groundball, 13S, EV 72.5 MPH)
Bottom of the 1st over - 0 runs, 0 hits, 0 errors, 0 left on base; University of Oklahoma 0 - Florida State University 0
TOP OF THE 2ND
University of Oklahoma Sooners batting - Pitching for Florida State University Seminoles : LHP Lauro Calabresi
Batting: RHB Ruben Arreola 0-0: Called Strike
0-1: Swinging Strike
0-2: Ball
1-2: Fly out, F8 (Flyball, 89D, EV 106.2 MPH)
Batting: LHB Cameron Marinelli 0-0: Called Strike
0-1: Ball
1-1: Ball
2-1: Foul Ball, location: 2F
2-2: SINGLE (Groundball, 6D, EV 102.5 MPH)
Batting: RHB Victor Borras 0-0: Ball
1-0: Called Strike
1-1: Foul Ball, location: 2F
1-2: Fly out, F8 (Flyball, 8LM, EV 87.5 MPH)
Batting: RHB Sugiarto Kartosuwiryo 0-0: Called Strike
0-1: Called Strike
0-2: Foul Ball, location: 2F
0-2: Ball
1-2: Ball
2-2: Foul Ball, location: 2F
2-2: Ball
3-2: DOUBLE (Flyball, 8RXD, EV 104.4 MPH)
Cameron Marinelli to third
Cameron Marinelli scores
Batting: RHB Eric Peterson 0-0: Called Strike
0-1: Called Strike
0-2: Ball
1-2: Foul Ball, location: 2F
1-2: SINGLE (Groundball, 4D, EV 100.0 MPH)
Sugiarto Kartosuwiryo to third
Batting: RHB Sam Mason 0-0: Swinging Strike
0-1: Foul Ball, location: 2F
0-2: Ball
1-2: Strikes out swinging
Top of the 2nd over - 1 run, 3 hits, 0 errors, 2 left on base; University of Oklahoma 1 - Florida State University 0
BOTTOM OF THE 2ND
Florida State University Seminoles batting - Pitching for University of Oklahoma Sooners : RHP Chad Falgout
Batting: RHB Ed Vilches 0-0: Fly out, F7 (Flyball, 78M, EV 85.6 MPH)
Batting: SHB Jason Farr 0-0: Ball
1-0: Ball
2-0: Ground out 4-3 (Groundball, 4M, EV 103.8 MPH)
Batting: LHB John Doiron 0-0: Called Strike
0-1: Foul Ball, location: 2F
0-2: Foul Ball, location: 2F
0-2: Ball
1-2: Strikes out swinging
Bottom of the 2nd over - 0 runs, 0 hits, 0 errors, 0 left on base; University of Oklahoma 1 - Florida State University 0
TOP OF THE 3RD
University of Oklahoma Sooners batting - Pitching for Florida State University Seminoles : LHP Lauro Calabresi
Batting: RHB Jesus Montoya 0-0: Ball
1-0: Swinging Strike
1-1: Ball
2-1: Ball
3-1: Base on Balls
Batting: LHB Paul Mooris 0-0: Fly out, F4 (Popup, 4, EV 68.8 MPH)
Batting: RHB Jon Chatman 0-0: Called Strike
0-1: Ball
1-1: Swinging Strike
1-2: Foul Ball, location: 2F
Pickoff Throw to First - Out! 1-3
1-2: Ball
2-2: Ball
3-2: Ground out 5-3 (Groundball, 5, EV 104.4 MPH)
Top of the 3rd over - 0 runs, 0 hits, 0 errors, 0 left on base; University of Oklahoma 1 - Florida State University 0
BOTTOM OF THE 3RD
Florida State University Seminoles batting - Pitching for University of Oklahoma Sooners : RHP Chad Falgout
Batting: RHB Jonathan Bruni 0-0: Ball
1-0: Called Strike
1-1: Swinging Strike
1-2: Ball
2-2: Ground out 6-3 (Groundball, 6, EV 111.2 MPH)
Batting: RHB Terry Cisneros 0-0: Ground out U3 (Groundball, 3S, EV 66.9 MPH)
Batting: RHB Emilio Guerra 0-0: Called Strike
0-1: Called Strike
0-2: Ground out 4-3 (Groundball, 4, EV 90.6 MPH)
Bottom of the 3rd over - 0 runs, 0 hits, 0 errors, 0 left on base; University of Oklahoma 1 - Florida State University 0
TOP OF THE 4TH
University of Oklahoma Sooners batting - Pitching for Florida State University Seminoles : LHP Lauro Calabresi
Batting: RHB Ruben Arreola 0-0: Ball
1-0: Fly out, F8 (Flyball, 8LM, EV 91.2 MPH)
Batting: LHB Cameron Marinelli 0-0: SINGLE (Line Drive, 89M, EV 99.4 MPH)
Batting: RHB Victor Borras 0-0: Called Strike
0-1: Ball
1-1: SINGLE (Groundball, 34D, EV 99.4 MPH)
Cameron Marinelli to second
Runner from 2nd tries for 3rd, SAFE, throw by RF made to third
Batting: RHB Sugiarto Kartosuwiryo 0-0: Foul Ball, location: 2F
0-1: Fly out, F8 (Flyball, 8RXD, EV 104.4 MPH)
Runner from 3rd tags up, SCORES, no throw by CF
Batting: RHB Eric Peterson 0-0: Called Strike
0-1: Ball
1-1: Fielders Choice at 2nd, 6-4 (Groundball, 56, EV 90.0 MPH)
Top of the 4th over - 1 run, 2 hits, 0 errors, 1 left on base; University of Oklahoma 2 - Florida State University 0
BOTTOM OF THE 4TH
Florida State University Seminoles batting - Pitching for University of Oklahoma Sooners : RHP Chad Falgout
Batting: RHB Larry Berge 0-0: Swinging Strike
0-1: Swinging Strike
0-2: Strikes out looking
Batting: RHB Ray Johnson 0-0: Ground out 4-3 (Groundball, 4, EV 106.2 MPH)
Batting: LHB Ethan Ware 0-0: Called Strike
0-1: Foul Ball, location: 2F
0-2: Fly out, F7 (Flyball, 7D, EV 91.2 MPH)
Bottom of the 4th over - 0 runs, 0 hits, 0 errors, 0 left on base; University of Oklahoma 2 - Florida State University 0
TOP OF THE 5TH
University of Oklahoma Sooners batting - Pitching for Florida State University Seminoles : LHP Lauro Calabresi
Batting: RHB Sam Mason 0-0: Fly out, F4 (Popup, 34S, EV 82.5 MPH)
Batting: RHB Jesus Montoya 0-0: Swinging Strike
0-1: Ball
1-1: Called Strike
1-2: Foul Ball, location: 2F
1-2: Strikes out swinging
Batting: LHB Paul Mooris 0-0: Ball
1-0: Fly out, F3 (Popup, 34S, EV 66.2 MPH)
Top of the 5th over - 0 runs, 0 hits, 0 errors, 0 left on base; University of Oklahoma 2 - Florida State University 0
BOTTOM OF THE 5TH
Florida State University Seminoles batting - Pitching for University of Oklahoma Sooners : RHP Chad Falgout
Batting: RHB Ed Vilches 0-0: Ball
1-0: Ball
2-0: Ball
3-0: Foul Ball, location: 2F
3-1: Called Strike
3-2: Fly out, F7 (Flyball, 7D, EV 98.8 MPH)
Batting: SHB Jason Farr 0-0: Ball
1-0: Ball
2-0: Called Strike
2-1: Fly out, F6 (Popup, 6, EV 70.0 MPH)
Batting: LHB John Doiron 0-0: Called Strike
0-1: Called Strike
0-2: Strikes out swinging
Bottom of the 5th over - 0 runs, 0 hits, 0 errors, 0 left on base; University of Oklahoma 2 - Florida State University 0
TOP OF THE 6TH
University of Oklahoma Sooners batting - Pitching for Florida State University Seminoles : LHP Lauro Calabresi
Batting: RHB Jon Chatman 0-0: Called Strike
0-1: Called Strike
0-2: SINGLE (Groundball, 6MS, EV 66.9 MPH) (infield hit)
Batting: RHB Ruben Arreola 0-0: Ball
Wild Pitch!
Jon Chatman to second
1-0: Ball
2-0: Ball
3-0: Base on Balls
Pitching: RHP Gerry Burrell
Batting: LHB Cameron Marinelli 0-0: Ball
1-0: Ball
2-0: Swinging Strike
2-1: Called Strike
2-2: Strikes out swinging
Batting: RHB Victor Borras 0-0: Called Strike
0-1: Foul Ball, location: 2F
0-2: Ball
1-2: Strikes out swinging
Batting: RHB Sugiarto Kartosuwiryo 0-0: Called Strike
0-1: Ball
1-1: Fly out, F8 (Line Drive, 78M, EV 87.5 MPH)
Top of the 6th over - 0 runs, 1 hit, 0 errors, 2 left on base; University of Oklahoma 2 - Florida State University 0
BOTTOM OF THE 6TH
Florida State University Seminoles batting - Pitching for University of Oklahoma Sooners : RHP Chad Falgout
Batting: RHB Jonathan Bruni 0-0: Ball
1-0: Called Strike
1-1: Foul Ball, location: 2F
1-2: Fly out, F7 (Line Drive, 7S, EV 95.6 MPH)
Batting: RHB Terry Cisneros 0-0: Ball
1-0: Ball
2-0: Ball
3-0: Called Strike
3-1: Ground out 5-3 (Groundball, 5, EV 82.5 MPH)
Batting: RHB Emilio Guerra 0-0: Ground out 5-3 (Groundball, 56, EV 103.1 MPH)
Bottom of the 6th over - 0 runs, 0 hits, 0 errors, 0 left on base; University of Oklahoma 2 - Florida State University 0
TOP OF THE 7TH
University of Oklahoma Sooners batting - Pitching for Florida State University Seminoles : RHP Gerry Burrell
Batting: RHB Eric Peterson 0-0: Called Strike
0-1: Swinging Strike
0-2: Ball
1-2: Foul Ball, location: 2F
1-2: Fly out, F8 (Flyball, 78M, EV 97.5 MPH)
Batting: RHB Sam Mason 0-0: Called Strike
0-1: Ball
1-1: Foul Ball, location: 2F
1-2: Foul Ball, location: 2F
1-2: Foul Ball, location: 2F
1-2: Strikes out swinging
Batting: RHB Jesus Montoya 0-0: DOUBLE (Groundball, 3L, EV 103.1 MPH)
Batting: LHB Paul Mooris 0-0: Called Strike
0-1: Swinging Strike
0-2: Ball
1-2: Foul Ball, location: 2F
1-2: Ball
2-2: Strikes out swinging
Top of the 7th over - 0 runs, 1 hit, 0 errors, 1 left on base; University of Oklahoma 2 - Florida State University 0
BOTTOM OF THE 7TH
Florida State University Seminoles batting - Pitching for University of Oklahoma Sooners : RHP Chad Falgout
Batting: RHB Larry Berge 0-0: Ball
1-0: Ball
2-0: Swinging Strike
2-1: Ball
3-1: Foul Ball, location: 2F
3-2: Base on Balls
Batting: RHB Ray Johnson 0-0: Reached on error, E1 (Groundball, 13S, EV 43.8 MPH)
Larry Berge to third
Batting: LHB Ethan Ware 0-0: Called Strike
0-1: Ball
1-1: Swinging Strike
1-2: Ground out U3 (Groundball, 3, EV 86.9 MPH)
Batting: RHB Ed Vilches 0-0: Ball
1-0: Fly out, F8 (Flyball, 8RM, EV 79.4 MPH)
Runner from 3rd tags up, SCORES, no throw by CF
Batting: SHB Jason Farr 0-0: Foul Ball, location: 2F
0-1: Called Strike
0-2: Ball
1-2: Foul Ball, location: 2F
1-2: Ball
2-2: Fly out, F7 (Flyball, 7S, EV 87.5 MPH)
Bottom of the 7th over - 1 run, 0 hits, 1 error, 1 left on base; University of Oklahoma 2 - Florida State University 1
TOP OF THE 8TH
University of Oklahoma Sooners batting - Pitching for Florida State University Seminoles : RHP Gerry Burrell
Batting: RHB Jon Chatman 0-0: Ball
1-0: Fly out, F9 (Flyball, 89M, EV 93.8 MPH)
Batting: RHB Ruben Arreola 0-0: Called Strike
0-1: Ball
1-1: Foul Ball, location: 2F
1-2: Fly out, F8 (Flyball, 8RD, EV 103.1 MPH)
Batting: LHB Cameron Marinelli 0-0: Ball
1-0: Ball
2-0: Ground out 4-3 (Groundball, 4, EV 86.2 MPH)
Top of the 8th over - 0 runs, 0 hits, 0 errors, 0 left on base; University of Oklahoma 2 - Florida State University 1
BOTTOM OF THE 8TH
Florida State University Seminoles batting - Pitching for University of Oklahoma Sooners : RHP Chad Falgout
Pitching: RHP Adam Alioto
Now at 1B: Sugiarto Kartosuwiryo
Now in RF: Alex Gutierrez
Batting: LHB John Doiron 0-0: Ball
1-0: Swinging Strike
1-1: Called Strike
1-2: Foul Ball, location: 2F
1-2: Ball
2-2: Strikes out swinging
Batting: RHB Jonathan Bruni 0-0: Fly out, F6 (Popup, 6, EV 64.4 MPH)
Batting: RHB Terry Cisneros 0-0: Ball
1-0: Called Strike
1-1: SOLO HOME RUN (Flyball, 7D, EV 105.6 MPH), Distance : 422 ft
Batting: RHB Emilio Guerra 0-0: Called Strike
0-1: Ball
1-1: Ball
2-1: Ball
3-1: Called Strike
3-2: Base on Balls
Batting: RHB Larry Berge 0-0: Ball
Emilio Guerra is caught stealing 2nd base 2-4
Bottom of the 8th over - 1 run, 1 hit, 0 errors, 0 left on base; University of Oklahoma 2 - Florida State University 2
TOP OF THE 9TH
University of Oklahoma Sooners batting - Pitching for Florida State University Seminoles : RHP Gerry Burrell
Pitching: LHP Angel Villatoro
Batting: LHB Alex Gutierrez 0-0: Ball
1-0: Called Strike
1-1: Foul Ball, location: 2F
1-2: Ball
2-2: Foul Ball, location: 2F
2-2: Foul Ball, location: 2F
2-2: Strikes out looking
Batting: RHB Sugiarto Kartosuwiryo 0-0: Ball
1-0: Ball
2-0: Swinging Strike
2-1: Called Strike
2-2: Ball
3-2: SINGLE (Line Drive, 7S, EV 97.5 MPH)
Batting: RHB Eric Peterson 0-0: Called Strike
0-1: Ball
1-1: Ball
2-1: Bunt missed!
2-2: Fly out, F9 (Flyball, 89M, EV 93.1 MPH)
Batting: RHB Sam Mason 0-0: Swinging Strike
0-1: Foul Ball, location: 2F
0-2: Ball
1-2: Ball
2-2: Ball
3-2: Strikes out swinging
Top of the 9th over - 0 runs, 1 hit, 0 errors, 1 left on base; University of Oklahoma 2 - Florida State University 2
BOTTOM OF THE 9TH
Florida State University Seminoles batting - Pitching for University of Oklahoma Sooners : RHP Adam Alioto
Pitching: RHP Andy Cane
Batting: RHB Larry Berge 0-0: Foul Ball, location: 2F
0-1: Ground out 5-3 (Groundball, 56S, EV 85.6 MPH)
Batting: RHB Ray Johnson 0-0: Swinging Strike
0-1: Ball
1-1: Swinging Strike
1-2: Strikes out swinging
Batting: LHB Ethan Ware 0-0: Ball
1-0: Called Strike
1-1: Foul Ball, location: 2F
1-2: Strikes out swinging
Bottom of the 9th over - 0 runs, 0 hits, 0 errors, 0 left on base; University of Oklahoma 2 - Florida State University 2
TOP OF THE 10TH
University of Oklahoma Sooners batting - Pitching for Florida State University Seminoles : LHP Angel Villatoro
Batting: RHB Jesus Montoya 0-0: Called Strike
0-1: Ball
1-1: Ball
2-1: SINGLE (Groundball, 15S, EV 70.6 MPH) (infield hit)
Batting: LHB Paul Mooris 0-0: Bunt missed!
0-1: Bunt missed!
0-2: Ball
Jesus Montoya is caught stealing 2nd base 2-6
1-2: Strikes out swinging, 2-3 out at first.
Batting: RHB Jon Chatman 0-0: Foul Ball, location: 2F
0-1: Ball
1-1: Ball
2-1: Fly out, F7 (Flyball, 7, EV 85.0 MPH)
Top of the 10th over - 0 runs, 1 hit, 0 errors, 0 left on base; University of Oklahoma 2 - Florida State University 2
BOTTOM OF THE 10TH
Florida State University Seminoles batting - Pitching for University of Oklahoma Sooners : RHP Andy Cane
Pitching: RHP Roger Torrez
Batting: RHB Ed Vilches 0-0: Ball
1-0: Ball
2-0: Called Strike
2-1: Foul Ball, location: 2F
2-2: Ball
3-2: Fly out, F9 (Line Drive, 89M, EV 90.6 MPH)
Batting: SHB Jason Farr 0-0: Called Strike
0-1: Called Strike
0-2: Ball
1-2: Ground out U3 (Groundball, 3, EV 91.9 MPH)
Batting: LHB John Doiron 0-0: Ball
1-0: Ball
2-0: Foul Ball, location: 2F
2-1: Foul Ball, location: 2F
2-2: Strikes out swinging
Bottom of the 10th over - 0 runs, 0 hits, 0 errors, 0 left on base; University of Oklahoma 2 - Florida State University 2
TOP OF THE 11TH
University of Oklahoma Sooners batting - Pitching for Florida State University Seminoles : LHP Angel Villatoro
Pitching: RHP Jose Muti
Batting: RHB Ruben Arreola 0-0: Called Strike
0-1: Foul Ball, location: 2F
0-2: Reached on error, E4 (Groundball, 4, EV 84.4 MPH)
Batting: LHB Cameron Marinelli 0-0: Called Strike
Ruben Arreola steals 2nd, throwing error, E2
Ruben Arreola to third
0-1: Swinging Strike
0-2: Ball
1-2: Foul Ball, location: 2F
1-2: Ball
2-2: Foul Ball, location: 2F
2-2: Strikes out looking
Batting: LHB Alex Gutierrez 0-0: Intentional Walk
Batting: RHB Sugiarto Kartosuwiryo 0-0: Called Strike
0-1: Foul Ball, location: 2F
0-2: Ball
1-2: Ball
Alex Gutierrez steals 2nd base (no throw)
2-2: Fly out, F7 (Flyball, 7LM, EV 95.6 MPH)
Runner from 3rd tags up, SCORES, no throw by LF
Batting: RHB Eric Peterson 0-0: Called Strike
0-1: Foul Ball, location: 2F
0-2: Ball
1-2: Strikes out swinging
Top of the 11th over - 1 run, 0 hits, 2 errors, 1 left on base; University of Oklahoma 3 - Florida State University 2
BOTTOM OF THE 11TH
Florida State University Seminoles batting - Pitching for University of Oklahoma Sooners : RHP Roger Torrez
Pinch Hitting: RHB Tony Valdez 0-0: Swinging Strike
0-1: Ball
1-1: Called Strike
1-2: Ball
2-2: Strikes out swinging
Pinch Hitting: RHB David Lucarelli 0-0: Ball
1-0: Foul Ball, location: 2F
1-1: Ground out 6-3 (Groundball, 6, EV 103.8 MPH)
Batting: RHB Emilio Guerra 0-0: Ball
1-0: Foul Ball, location: 2F
1-1: Fly out, F7 (Line Drive, 78M, EV 90.6 MPH)
Bottom of the 11th over - 0 runs, 0 hits, 0 errors, 0 left on base; University of Oklahoma 3 - Florida State University 2
Tuesday, March 28th , 2023 - OOTP Baseball 23.10 Build 110